 Dungeon Crawl Stone Soup version 0.19-a0-1875-g4fea3da (webtiles) character file.

149 Amnesiac the Magician (level 5, -1/31 HPs)
             Began as a Halfling Wizard on Oct 13, 2016.
             Slain by a gnoll
             ... wielding a +0 spear
              (10 damage)
             ... on level 4 of the Dungeon.
             The game lasted 00:04:34 (2021 turns).

Amnesiac the Magician (Halfling Wizard)             Turns: 2021, Time: 00:04:35

Health: -1/31      AC:  9    Str:  8    XL:     5   Next: 57%
Magic:  4/9        EV: 15    Int: 16    God:
Gold:   82         SH:  0    Dex: 14    Spells: 4 memorised, 1 level left

rFire  . . .     SeeInvis .     l - +2 dagger (protect)
rCold  . . .     Gourm    .     a - +0 robe
rNeg   . . .     Faith    .     (shield restricted)
rPois  .         Spirit   .     b - +0 hat
rElec  .         Dismiss  .     (no cloak)
rCorr  .         Reflect  .     (no gloves)
MR     .....     Harm     .     (no boots)
Stlth  ++........               (no amulet)
                                (no ring)
                                (no ring)

@: protection aura, very slightly contaminated, repel missiles
A: mutation resistance 1
a: no special abilities


You were on level 4 of the Dungeon.
You were not hungry.

You visited 1 branch of the dungeon, and saw 4 of its levels.

You collected 82 gold pieces.

Inventory:

Hand Weapons
 i - a +0 spear
 l - a +2 dagger of protection (weapon)
 r - a +0 blowgun
Armour
 a - a +0 robe (worn)
 b - a +0 hat (worn)
Wands
 o - a wand of flame (7/48)
Scrolls
 e - a scroll of teleportation
 m - a scroll of identify {unknown}
 q - a scroll of remove curse {unknown}
Potions
 f - a potion of invisibility
 g - a potion of ambrosia {unknown}
 h - 3 potions of curing {unknown}
 k - a potion of might {unknown}
 p - a potion of degeneration {unknown}
Books
 c - a book of Minor Magic

   Spells                             Type                      Level
   a - Magic Dart                     Conjuration                  1
   b - Blink                          Translocation                2
   c - Call Imp                       Summoning                    2
   d - Repel Missiles                 Charms/Air                   2
   e - Slow                           Hexes                        2
   f - Conjure Flame                  Conjuration/Fire             3
   g - Mephitic Cloud                 Conjuration/Poison/Air       3
Comestibles
 d - a bread ration
 j - a meat ration


   Skills:
 - Level 1.7 Short Blades
 - Level 2.1 Dodging
 - Level 2.1 Stealth
 - Level 3.0 Spellcasting
 + Level 1.9 Conjurations
   Level 0.7 Summonings
   Level 1.1 Translocations
 - Level 2.0 Air Magic
 - Level 2.0 Poison Magic


You had one spell level left.
You knew the following spells:

 Your Spells              Type           Power        Failure   Level  Hunger
a - Repel Missiles        Chrm/Air       #.....       21%         2    ##.....
e - Mephitic Cloud        Conj/Pois/Air  #.......     28%         3    ###....
f - Magic Dart            Conj           #...         10%         1    #......
s - Conjure Flame         Conj/Fire      #.......     38%         3    ###....


Dungeon Overview and Level Annotations

Branches:
Dungeon (4/15)
 Temple: D:4-7

Altars:
Xom

Annotations:
D:3 exclusion: adder


Innate Abilities, Weirdness & Mutations

You are small and have problems with some larger weapons.
You are somewhat resistant to further mutation.


Message History

You hear a shout! x3
The gnoll shaman is engulfed in noxious fumes.
The gnoll shaman appears confused.
The gnoll shaman asks, "Where am I?"
Unknown command.
The gnoll shaman is engulfed in noxious fumes.
The gnoll shaman appears confused.
You feel less confused.
The gnoll shouts! x2
The gnoll barely misses you. The gnoll hits you with a spear!
You hit the gnoll shaman.
Your weapon exudes an aura of protection.
The gnoll shaman is lightly wounded.
The gnoll shaman hits you with a whip!
* * * LOW HITPOINT WARNING * * *
The gnoll completely misses you. The gnoll misses you.
The gnoll shaman misses the gnoll.
The gnoll hits you from afar with a spear!
You die...

......# ......# ###..##
#...... #.#..###############
##.##.#.......<.....########
........................g.gg
##......#........gg.########
#......#.####..@.gg#
#......#.########..#
#......#...........#
#......##########.##
#)...#.# #.# ######
#....#.## #.# ......
#....#..# #.# ......
####.#..####### #.# ......
#............ ... ......


You could see a gnoll shaman (confused) and 3 gnolls.

Vanquished Creatures
  A hound (D:4)
  Jessica (D:3)
  2 worker ants (D:4)
  A hound skeleton (D:4)
  2 oozes
  2 leopard geckos
  2 giant cockroaches
  A goblin (D:3)
  A hobgoblin (D:1)
  4 jackals
  4 bats
  3 frilled lizards
  4 kobolds
  A rat (D:2)
29 creatures vanquished.

Notes
Turn   | Place    | Note
-------+----------+-------------------------------------------
     0 | D:1      | Amnesiac the Halfling Wizard began the quest for the Orb.
     0 | D:1      | Reached XP level 1. HP: 11/11 MP: 3/3
   140 | D:1      | Reached skill level 1 in Conjurations
   220 | D:1      | Reached XP level 2. HP: 16/17 MP: 0/5
   239 | D:1      | Learned a level 2 spell: Repel Missiles
   563 | D:2      | Found a shimmering altar of Xom.
   653 | D:2      | Reached skill level 3 in Spellcasting
   908 | D:3      | Noticed Jessica
  1092 | D:3      | Reached XP level 3. HP: 21/21 MP: 5/7
  1097 | D:3      | Learned a level 3 spell: Mephitic Cloud
  1142 | D:3      | Reached skill level 1 in Air Magic
  1374 | D:3      | Killed Jessica
  1374 | D:3      | Reached skill level 1 in Poison Magic
  1374 | D:3      | Reached XP level 4. HP: 27/27 MP: 1/8
  1439 | D:3      | Learned a level 3 spell: Conjure Flame
  1616 | D:4      | Reached skill level 1 in Short Blades
  1799 | D:4      | Reached XP level 5. HP: 31/31 MP: 3/9
  2021 | D:4      | Slain by a gnoll

Vault maps used:
D:1:      dpeg_arrival_rooms_with_view
D:2:      brannock_xom_greatest_gift, uniq_natasha
D:3:      first_bread, uniq_jessica

Skill      XL: |  1  2  3  4 |
---------------+-------------+-----
Conjurations   | 1 |  1.9
Spellcasting   | 3 |  3.0
Air Magic      | 1 2 |  2.0
Poison Magic   | 1 2 |  2.0
Short Blades   | 1 |  1.7
Dodging        | |  2.1
Stealth        | |  2.1
Summonings     | |  0.7
Translocations | |  1.1

Action                   |  1- 3 |  4- 6 || total
-------------------------+-------+-------++-------
Melee: Unarmed           |    35 |       ||    35
       Spear             |    10 |       ||    10
       Dagger            |       |    33 ||    33
 Cast: Magic Dart        |    61 |     9 ||    70
       Repel Missiles    |     1 |       ||     1
       Mephitic Cloud    |     1 |     3 ||     4
  Use: Scroll            |       |     1 ||     1
       Potion            |       |     1 ||     1
 Stab: Confused          |     1 |     2 ||     3
       Sleeping          |       |     3 ||     3
       Invisible         |       |     1 ||     1
  Eat: Chunk             |     2 |     3 ||     5
Armor: Robe              |     9 |     9 ||    18
Dodge: Dodged            |    41 |    33 ||    74
